 Dungeon Crawl Stone Soup version 0.29.0-5-ge4962eb29e (webtiles) character file.

Game seed: 8652131762300469179

53 HoaS the Shooter (level 3, -9/21 HPs)
             Began as a Gargoyle Hunter on Aug 28, 2022.
             Killed by divine providence
             ... invoked by an orc priest
              (13 damage)
             ... on level 2 of the Dungeon.
             The game lasted 00:02:52 (1334 turns).

HoaS the Shooter (Gargoyle Hunter)                  Turns: 1334, Time: 00:02:53

Health: -9/21      AC: 12    Str: 14    XL:     3   Next: 87%
Magic:  3/3        EV: 10    Int:  9    God:
Gold:   58         SH:  0    Dex: 15    Spells: 2/2 levels left

rFire   . . .      SeeInvis .   a - +1 shortbow
rCold   . . .      Faith    .   (shield currently unavailable)
rNeg    + . .      Spirit   .   d - +4 ring mail
rPois   ∞          Reflect  .   (no helmet)
rElec   +          Harm     .   (no cloak)
rCorr   .          Rampage  .   (no gloves)
Will    .....                   (no boots)
Stlth   +.........              (no amulet)
HPRegen 0.07/turn               (no ring)
MPRegen 0.08/turn               (no ring)

@: no status effects
A: sickness immunity, AC +3, negative energy resistance 1, electricity
resistance, torment resistance 1, petrification resistance
a: no special abilities


You were on level 2 of the Dungeon.
You visited 1 branch of the dungeon, and saw 2 of its levels.

You collected 58 gold pieces.

Inventory:

Hand Weapons
 a - a +1 shortbow (weapon)
Armour
 d - a +4 ring mail (worn)
Jewellery
 e - a ring of protection from cold
Scrolls
 b - a scroll of immolation
 c - a scroll of fog
 g - a scroll of identify {unknown}
Potions
 f - a potion of invisibility {unknown}


   Skills:
 - Level 2.1 Fighting
 + Level 5.4 Ranged Weapons
 - Level 1.5 Dodging
 - Level 1.1 Stealth


You had 2 spell levels left.
You didn't know any spells.
Your spell library was empty.

Dungeon Overview and Level Annotations

Branches:
Dungeon (2/15)

Altars:

Shops:
D:2 *


Innate Abilities, Weirdness & Mutations

You are immune to sickness and miasma.
Your stone body is resilient. (AC +3)
You are immune to poison.
You resist negative energy. (rN+)
You are resistant to electric shocks. (rElec)
You are resistant to unholy torment.
You are immune to petrification.


Message History

You shoot an arrow. The arrow hits the orc!
You kill the orc!
You shoot an arrow. The arrow hits the orc!
You kill the orc!
The orc priest calls down the wrath of Beogh upon you.
Beogh smites you!
Ouch! That really hurt!
You are too injured to fight recklessly!
You are too injured to fight recklessly!
You are too injured to fight recklessly!
You are too injured to fight recklessly!
Fire: a) +1 shortbow
Press: ? - help, Q - select action Shift-Dir - straight line, f - orc priest
Aim: an orc priest, wielding a +0 dagger and wearing a +0 leather armour (grey smoke, 63% to hit)
You shoot an arrow.
The arrow closely misses the orc priest.
Fire: a) +1 shortbow
Press: ? - help, Q - select action Shift-Dir - straight line, f/p - orc priest
Aim: an orc priest, wielding a +0 dagger and wearing a +0 leather armour (grey smoke, 63% to hit)
You shoot an arrow. The arrow hits the orc priest.
The orc priest is lightly wounded.
The orc priest completely misses you. The orc hits you but does no damage.
Fire: a) +1 shortbow
Press: ? - help, Q - select action Shift-Dir - straight line, f/p - orc priest
Aim: an orc priest, wielding a +0 dagger and wearing a +0 leather armour (grey smoke, lightly wounded, 63% to hit)
You shoot an arrow.
The arrow closely misses the orc priest.
The orc priest hits you with a +0 dagger.
* * * LOW HITPOINT WARNING * * *
The orc closely misses you. The orc priest barely misses you.
The orc closely misses you.
Fire: a) +1 shortbow
Press: ? - help, Q - select action Shift-Dir - straight line, f/p - orc priest
Aim: an orc priest, wielding a +0 dagger and wearing a +0 leather armour (grey smoke, lightly wounded, 63% to hit)
You shoot an arrow.
The arrow closely misses the orc priest.
The orc priest invokes the aid of Beogh against you.
Beogh smites you!
Ouch! That really hurt!
You die...

#.# *,**#$⌠,*##.#..... #.#
#.#*,,,,,*#.###### #.#
###### #.#..o...,#.# #. #.#
#....# #.#.#o..*.#.# #. #.#
#....# #.#..oo,..#.# #. #.#
#....# #.#...,...#.# #.
#.#######.†..# #.#o.,....#.#
#.
#.......'....###§#.#...#.#.#
#.
#########......#@#§§.....*,*
#. #......#.##.§ooo......,,*
## #.####.#.###.§o§....##***
****,***#.#.# ##########
,,,,,,,,..#.# *,**,***###.#
*,<*,* #.# *,,*,* #.# *,,*,*
#.#


You could see 2 orc priests and 2 orcs.

Vanquished Creatures
  An adder (D:2)
  2 dart slugs (D:1)
  2 orcs (D:2)
  5 endoplasms (D:1)
  3 hobgoblins
  2 kobolds
  2 quokkas (D:1)
  4 ball pythons (D:1)
  5 bats
  3 frilled lizards
  3 goblins (D:1)
  4 rats
36 creatures vanquished.

Notes
Turn   | Place    | Note
-------+----------+-------------------------------------------
     0 | D:1      | HoaS the Gargoyle Hunter began the quest for the Orb.
     0 | D:1      | Reached XP level 1. HP: 12/12 MP: 1/1
   208 | D:1      | Reached XP level 2. HP: 17/17 MP: 2/2
   492 | D:1      | Reached XP level 3. HP: 21/21 MP: 3/3
   496 | D:1      | Reached skill level 5 in Ranged Weapons
   515 | D:1      | Found a faded altar of an unknown god.
  1057 | D:2      | Found Oniluid's Assorted Antiques.
  1334 | D:2      | Killed from afar by an orc priest

Illustrated notes

Levels and vault maps discovered:
D:1:      eino_arrival_tree_alley, layout_basic,
          hellmonk_ecumenical_altar_leap_of_faith
D:2:      cheibrodos_pilgrimage, layout_basic, serial_shops, nicolae_shop_stone

Skill      XL: |  1  2  3 |
---------------+----------+-----
Ranged Weapons | 5 |  5.4
Fighting       | |  2.1
Dodging        | |  1.5
Stealth        | |  1.1

Action                   || total
-------------------------++-------
 Fire: Shortbow          ||    99
  Use: Scroll            ||     5
Armor: Ring mail         ||    17
Dodge: Dodged            ||    28
